 Dungeon Crawl Stone Soup version 0.31-a0-662-g684573625c (webtiles) character file.

Game seed: 12980949809949483939

4894 cforsyth the Fighter (level 10, -1/79 HPs)
             Began as a Djinni Cinder Acolyte on Sept 1, 2023.
             Was an Elder of Ignis.
             Slain by Harold
             ... wielding a +0 war axe
              (26 damage)
             ... on level 9 of the Dungeon.
             The game lasted 00:17:24 (10638 turns).

cforsyth the Fighter (Djinni Cinder Acolyte)       Turns: 10638, Time: 00:17:24

Health: -1/79      AC:  3    Str: 13    XL:     10   Next: 80%
Gold:   609        EV: 13    Int: 20    God:    Ignis [****..] SH:  0 Dex:  9

rFire   + + .        k - +0 long sword (flame)
rCold   . . .        (no shield)
rNeg    . . .        b - +0 robe
rPois   ∞            (no helmet)
rElec   .            B - +0 cloak {Will+}
rCorr   .            (no gloves)
SInv    .            (boots unavailable)
Will    +++..        q - amulet of regeneration
Stlth   +            r - ring of willpower
HPRegen 1.13/turn    f - ring of ice
MPRegen 0.00/turn

%: infuse magic (-2 HP)
@: flying, hasted, studying Armour, very quick
A: sickness immunity, fire resistance 2, cold vulnerability 1, float, innate
caster, HP casting, extra vitality 1
a: Renounce Religion, Fiery Armour, Foxfire Swarm, Rising Flame


You were on level 9 of the Dungeon.
You worshipped Ignis.
Ignis was greatly pleased with you.
You visited 1 branch of the dungeon, and saw 9 of its levels.
You also visited: Ossuary.

You collected 609 gold pieces.

Inventory:

Hand Weapons
 a - a +0 falchion of flaming
 k - a +0 long sword of flaming (weapon)
Missiles
 x - 3 throwing nets
Armour
 b - a +0 robe (worn)
 B - a +0 cloak of willpower (worn)
Jewellery
 f - a ring of ice (right hand)
 q - an amulet of regeneration (around neck)
 r - a ring of willpower (left hand)
 u - an amulet of the acrobat
 w - a +6 ring of dexterity
Wands
 m - a wand of iceblast (10)
 C - a wand of charming (10)
 D - a wand of mindburst (21)
Scrolls
 c - 2 scrolls of fog {unknown}
 j - 5 scrolls of teleportation {unknown}
 p - a scroll of vulnerability
 y - a scroll of blinking
 E - 2 scrolls of immolation {unknown}
Potions
 d - 2 potions of resistance
 e - a potion of mutation
 g - 5 potions of curing
 h - a potion of berserk rage
 l - a potion of cancellation {unknown}
 n - a potion of enlightenment
 o - 2 potions of might
 t - 4 potions of attraction
 z - 2 potions of invisibility
 F - a potion of brilliance


   Skills:
 + Level 9.7 Fighting
 - Level 7.5 Long Blades
 + Level 5.3 Dodging
 + Level 6.3 Spellcasting
 + Level 6.3 Conjurations
 + Level 6.3 Hexes
 + Level 6.3 Summonings
 + Level 6.3 Necromancy
 + Level 6.3 Translocations
 + Level 6.3 Transmutations
 + Level 6.3 Fire Magic
 + Level 6.3 Ice Magic
 + Level 6.3 Air Magic
 + Level 6.3 Earth Magic
 + Level 6.3 Poison Magic


You knew the following spells:

 Your Spells              Type           Power      Damage    Failure   Level
a - Scorch                Fire           62%        2d7       1%          2
b - Summon Small Mammal   Summ           100%       N/A       1%          1
c - Call Imp              Summ           62%        N/A       1%          2
d - Lesser Beckoning      Tloc           62%        N/A       1%          2
e - Confusing Touch       Hex            31%        N/A       2%          3
Your spell library was empty.

Dungeon Overview and Level Annotations

Branches:
Dungeon (9/15)             Temple (0/1) D:7            Lair (0/5) D:9
Ossuary (visited)
    Orc: D:9-12

Altars:
Ashenzari
Hepliaklqana
Makhleb
Trog
Uskayaw
Xom
Zin
The Shining One

Shops:
D:3 [[(   D:7 :

Annotations:
D:9 Harold


Innate Abilities, Weirdness & Mutations

You are immune to sickness and miasma.
You are immune to poison.
Your flesh is very heat resistant. (rF++)
You are vulnerable to cold. (rC-)
You float through the air rather than walking.
You learn spells naturally, not from books.
Your magical power is your life essence.
You have superior vitality. (+4 MHP)


Message History

You feel much better. Harold hits you with a +0 war axe!
You feel yourself speed up. Harold hits you with a +0 war axe.
Activating: Foxfire Swarm
Press: ? - help, Dir - look around, f - activate Flames leap up around you!
You hit Harold but do no damage.
Harold is lightly wounded.
The foxfire hits Harold.
Harold resists.
Harold is lightly wounded.
The foxfire hits Harold but does no damage.
Harold is lightly wounded.
The foxfire hits Harold.
Harold resists.
Harold is lightly wounded.
The foxfire hits Harold.
Harold resists.
Harold is lightly wounded.
The foxfire hits Harold.
Harold resists.
Harold is lightly wounded.
The foxfire hits Harold.
Harold completely resists.
Harold is lightly wounded.
The foxfire hits Harold.
Harold completely resists.
Harold is lightly wounded.
The foxfire hits Harold.
Harold resists.
Harold is lightly wounded.
The foxfire hits Harold but does no damage.
Harold is lightly wounded.
The foxfire hits Harold.
Harold resists.
Harold is moderately wounded.
The foxfire hits Harold but does no damage.
Harold is moderately wounded.
The foxfire hits Harold but does no damage.
Harold is moderately wounded.
The foxfire hits Harold but does no damage.
Harold is moderately wounded.
The foxfire hits Harold but does no damage.
Harold is moderately wounded.
The foxfire hits Harold but does no damage.
Harold is moderately wounded.
Harold hits you with a +0 war axe!!
You die...
Harold sighs, "Nothing for old Harold but carpentry after this."

......[...# #.##
#######'### #..###
.$# #.# ##...# #.#
###.# ######'####
###.### #...#
#.........#
......#######'#####
#.........#
......##......§§§§#
#.........#
......##.......vv§#
#.........##
.....(##.......@@§#
#..?......'.
......##....(...v§#
+.........##
........(.....§§§§+
#.........#
..(...##.........<#
####+######
###.####..........>#
#...# ####.########
..### ###..#####
#### #........#
...######........#


You could see Harold (ally target).

Vanquished Creatures
  Maggie (D:6)
  Grinder (D:6)
  A hornet (D:8)
  A shadow (D:9)
  2 yaks (D:8)
  2 steam dragons (D:7)
  2 water moccasins
  An ice beast (D:7)
  2 ogres (D:6)
  2 sky beasts
  4 centaurs (D:7)
  2 kobold brigands
  An elf zombie (Ossuary)
  4 bullfrogs
  A gnoll sergeant (D:6)
  Blork the orc (D:6)
  4 scorpions
  5 wights (D:9)
  7 howler monkeys
  7 jellies
  5 orc priests
  5 hounds
  2 iguanas
  11 orc wizards
  3 mummies (Ossuary)
  11 gnolls
  4 adders
  2 ufetubi
  4 adder zombies (Ossuary)
  A worm (D:3)
  3 dart slugs
  32 orcs
  10 ball pythons
  6 endoplasms
  2 giant cockroaches
  2 goblins
  5 hobgoblins
  4 jackals (D:2)
  3 quokkas
  3 bats
  7 frilled lizards
  A gnoll zombie (Ossuary)
  3 goblin zombies (Ossuary)
  4 hobgoblin zombies (Ossuary)
  12 kobolds
  4 kobold zombies (Ossuary)
  A quokka zombie (Ossuary)
  7 rats
208 creatures vanquished.

Vanquished Creatures (others)
  28 foxfires
28 creatures vanquished.

Grand Total: 236 creatures vanquished

Notes
Turn   | Place    | Note
-------+----------+-------------------------------------------
     0 | D:1      | cforsyth the Djinni Cinder Acolyte began the quest for the
                  | Orb.
     0 | D:1      | cforsyth set off with the following spells memorised:
                  | Scorch.
     0 | D:1      | Reached XP level 1. HP: 20/20 MP: 0/0
    73 | D:1      | Reached XP level 2. HP: 21/25 MP: 0/0
   779 | D:1      | Reached XP level 3. HP: 28/30 MP: 0/0
   779 | D:1      | Learned a level 1 spell: Summon Small Mammal
  1098 | D:2      | Found a faded altar of an unknown god.
  1109 | D:2      | Reached XP level 4. HP: 14/37 MP: 0/0
  1383 | D:2      | Found a hide-covered altar of Uskayaw.
  1421 | D:2      | Reached XP level 5. HP: 21/41 MP: 0/0
  1421 | D:2      | Learned a level 2 spell: Call Imp
  1910 | D:3      | Reached skill level 4 in Fighting
  1943 | D:3      | Found Antaxic's Antique Weapon Shoppe.
  2144 | D:3      | Found a shimmering altar of Xom.
  2144 | D:3      | Found a glowing silver altar of Zin.
  2151 | D:3      | Found a bloodstained altar of Trog.
  2153 | D:3      | Found a burning altar of Makhleb.
  2155 | D:3      | Found a glowing golden altar of the Shining One.
  2368 | D:3      | Found Yckoiloa's Armour Boutique.
  2608 | D:3      | HP: 2/41 [orc priest/+0 club (1)]
  3009 | D:3      | Found Ynybb's Antique Armour Shop.
  3103 | D:4      | Reached XP level 6. HP: 44/48 MP: 0/0
  3165 | D:4      | Found a sand-covered staircase.
  3270 | Ossuary  | Entered an ossuary
  3280 | Ossuary  | Reached XP level 7. HP: 7/53 MP: 0/0
  3280 | Ossuary  | Learned a level 2 spell: Lesser Beckoning
  3464 | Ossuary  | Reached skill level 5 in Fighting
  4020 | D:4      | Found a hazy altar of Hepliaklqana.
  4127 | D:4      | Noticed a water moccasin
  4132 | D:4      | Killed a water moccasin
  4133 | D:4      | Reached skill level 5 in Long Blades
  4648 | D:5      | Entered Level 5 of the Dungeon
  4835 | D:5      | Reached XP level 8. HP: 44/61 MP: 0/0
  5117 | D:5      | Reached skill level 6 in Fighting
  5526 | D:5      | Found a broken altar of Ashenzari.
  5877 | D:6      | Noticed Maggie
  5908 | D:6      | Killed Maggie
  5909 | D:6      | Reached skill level 7 in Fighting
  5909 | D:6      | Reached XP level 9. HP: 48/68 MP: 0/0
  5909 | D:6      | Learned a level 3 spell: Confusing Touch
  5917 | D:6      | Noticed Grinder
  5951 | D:6      | Killed Grinder
  5952 | D:6      | Reached skill level 5 in Spellcasting
  5952 | D:6      | Reached skill level 5 in Conjurations
  5952 | D:6      | Reached skill level 5 in Hexes
  5952 | D:6      | Reached skill level 5 in Summonings
  5952 | D:6      | Reached skill level 5 in Necromancy
  5952 | D:6      | Reached skill level 5 in Translocations
  5952 | D:6      | Reached skill level 5 in Transmutations
  5952 | D:6      | Reached skill level 5 in Fire Magic
  5952 | D:6      | Reached skill level 5 in Ice Magic
  5952 | D:6      | Reached skill level 5 in Air Magic
  5952 | D:6      | Reached skill level 5 in Earth Magic
  5952 | D:6      | Reached skill level 5 in Poison Magic
  5982 | D:6      | Noticed Blork the orc
  5987 | D:6      | Killed Blork the orc
  6508 | D:7      | Found Geaf's Book Shoppe.
  6525 | D:7      | Reached skill level 8 in Fighting
  6809 | D:7      | Reached skill level 1 in Dodging
  6821 | D:7      | Found a staircase to the Ecumenical Temple.
  6995 | D:7      | Reached XP level 10. HP: 68/77 MP: 0/0
  8132 | D:8      | Reached skill level 9 in Fighting
 10245 | D:9      | Reached skill level 5 in Dodging
 10409 | D:9      | Found a staircase to the Lair.
 10453 | D:9      | Noticed Harold
 10466 | D:9      | HP: 2/79 [Harold/+0 war axe (25)]
 10638 | D:9      | Slain by Harold

Illustrated notes

Levels and vault maps discovered:
D:1:      heliophobic_arrival_glass_houses, layout_basic, minmay_tromino_i2
D:2:      layout_basic, basic_altar, hellmonk_ecumenical_altar_dog_temple
D:3:      layout_basic, chequers_temple_overflow_minitemple, serial_shops,
          nicolae_shop_hallway_stairs, shop,
          nicolae_shop_temple_entry_statues_fountains
D:4:      layout_cave_pods, kennysheep_orc_sif_temple,
          mainiacjoe_overflow_brackets, nicolae_ossuary_entry_monument,
          minmay_small_thing
D:5:      layout_gridville, overflow_temple_1_default, kennysheep_generic_room_3
D:6:      layout_basic, uniq_grinder, uniq_blork_the_orc, uniq_maggie
D:7:      layout_basic, minmay_temple_entry_steel_oval, serial_shops, shop,
          minmay_manual_mares
D:8:      layout_cave_pools, serial_co_window_serial,
          co_window_of_opportunity_a, co_window_corner_a,
          co_window_of_opportunity_a, co_window_paths_a, co_window_corner_a,
          co_window_paths_a, co_window_paths_a, co_window_unsneaky_path_a,
          co_window_unsneaky_path_b, co_window_of_opportunity_c,
          co_window_of_opportunity_c, co_window_corner_ca, co_window_4corner_a
D:9:      layout_roguey, lair_entry_dummy, lightli_wizard_tower, uniq_harold

Skill      XL: |  1  2  3  4  5  6  7  8  9 10 |
---------------+-------------------------------+-----
Long Blades    | 3 4 5 6 7 |  7.5
Fighting       | 4 5 7 8 9 |  9.7
Spellcasting   | 3 4 5 6 |  6.3
Conjurations   | 3 4 5 6 |  6.3
Hexes          | 3 4 5 6 |  6.3
Summonings     | 3 4 5 6 |  6.3
Necromancy     | 3 4 5 6 |  6.3
Translocations | 3 4 5 6 |  6.3
Transmutations | 3 4 5 6 |  6.3
Fire Magic     | 3 4 5 6 |  6.3
Ice Magic      | 3 4 5 6 |  6.3
Air Magic      | 3 4 5 6 |  6.3
Earth Magic    | 3 4 5 6 |  6.3
Poison Magic   | 3 4 5 6 |  6.3
Dodging        | 1 5 |  5.3

Action                     |  1- 3 |  4- 6 |  7- 9 | 10-12 || total
---------------------------+-------+-------+-------+-------++-------
  Melee: Falchion          |    55 |    16 |    14 |       ||    85
         Punch             |     2 |       |       |       ||     2
         Long sword        |       |       |       |     4 ||     4
   Cast: Scorch            |    16 |    50 |   178 |   142 ||   386
         Call Imp          |       |     2 |     1 |     7 ||    10
         Confusing Touch   |       |       |     1 |       ||     1
         Summon Small Mamm |       |       |       |     5 ||     5
 Invoke: Fiery Armour      |       |     1 |       |       ||     1
         Foxfire Swarm     |       |     1 |       |     1 ||     2
  Evoke: Wand              |       |     2 |       |     1 ||     3
    Use: Scroll            |       |     9 |     5 |     6 ||    20
         Potion            |       |     2 |     1 |     2 ||     5
   Stab: Distracted        |       |       |     2 |       ||     2
         Confused          |       |       |     1 |       ||     1
 Armour: Robe              |    38 |    47 |    86 |   103 ||   274
  Dodge: Dodged            |    29 |    23 |    53 |    61 ||   166

Table legend: (Time is in decaauts)
 A = Elapsed time spent in this place.
 B = Non-inter-level travel time spent in this place.
 C = Inter-level travel time spent in this place.
 D = Time resting spent in this place.
 E = Time spent auto-exploring this place.
 F = Levels seen in this place.
 G = Mean time per level.
                   A        B        C        D        E       F      G
               +--------+--------+--------+--------+--------+-----+--------+
         Total |  10662 |  10438 |    224 |   2584 |   6431 |  10 | 1066.2 |
       Dungeon |  10017 |   9793 |    224 |   2268 |   6211 |   9 | 1113.0 |
       Ossuary |    644 |    644 |      0 |    316 |    220 |   1 |  644.0 |
               +--------+--------+--------+--------+--------+-----+--------+

Top non-repeatable levels by time:
     D:7: 1595 daAuts
     D:8: 1507 daAuts
     D:6: 1222 daAuts
     D:4: 1210 daAuts
     D:3: 1169 daAuts
     D:1: 999 daAuts
     D:2: 906 daAuts
     D:5: 879 daAuts
 Ossuary: 644 daAuts
     D:9: 525 daAuts
